[Event "German Championship Women 2022"]
[Site "Magdeburg"]
[Date "2022.08.14"]
[Round "1.1"]
[White "Schulze, Lara"]
[Black "Just, Anita"]
[Result "1-0"]
[ECO "C02"]
[WhiteElo "2292"]
[BlackElo "1905"]
[Annotator "TA"]
[PlyCount "151"]
[EventDate "2022.08.14"]
[EventType "swiss"]
[EventCountry "GER"]
[SourceTitle "playchess.com"]
[Source "ChessBase"]
[SourceQuality "1"]
[TimeControl "40/5400+30:1800+30"]

1. e4 e6 2. d4 d5 3. e5 c5 4. c3 Nc6 5. Nf3 Qb6 6. Bd3 cxd4 7. O-O $1 {[%emt 0:00:09][%mdl 4] is recently more successful than 7.cxd4. C02: French: Advance Variation.} f6 {[%emt 0:04:55] [#]} (7... Bd7 $11 {keeps the balance.}) 8. cxd4 $1 $16 fxe5 9. dxe5 {[%emt 0:06:23] [#] White is better.} Nh6 $146 ({Predecessor:} 9... Bc5 10. Nc3 Nd4 11. Nxd4 Bxd4 12. Qh5+ Kf8 13. Nb5 Bc5 14. Nc3 a6 15. Bg6 Bd7 16. Qf3+ Ke7 17. Bg5+ Nf6 18. Bxf6+ Kf8 19. Bd8+ Kg8 20. Qf7# {1-0 (20) Havalda,S (1504)-Gyori,S (1270) Liptovsky Mikulas 2019}) 10. Nc3 g6 11. Be3 Qd8 (11... Qxb2 12. Nb5 Rb8 13. Nfd4 $18) 12. Bg5 Qd7 13. Nb5 Nf7 (13... Bg7 $16) 14. Bf6 $18 Rg8 15. Nbd4 a6 16. Bc2 Be7 17. Bxe7 Qxe7 18. Re1 Bd7 19. Rc1 Rc8 20. Ba4 Kf8 21. Qd2 Kg7 22. Bxc6 {[%emt 0:01:06] 0x0.001682382452dp-1022s more active pieces.} Bxc6 23. Rc3 Bd7 24. Rec1 Rxc3 25. Rxc3 Rc8 {[%emt 0:01:06] Against Rc7} 26. h4 Rxc3 27. Qxc3 Qd8 {[%emt 0:01:01] Inhibits Qc7.} 28. Qe3 Qe7 29. g3 Qb4 30. Qf4 Qe7 31. Qc1 Qd8 {[%emt 0:00:49] Inhibits Qc7.} 32. Ng5 Nxg5 33. Qxg5 (33. hxg5 $16 Qc8 34. Qe3 (34. Qf4 Kg8 $16)) 33... Qxg5 $14 34. hxg5 $16 {[%emt 0:00:02][%mdl 4096] Endgame KB-KN} h6 35. gxh6+ Kxh6 36. Kg2 Kh5 37. Kf3 Kg5 38. Ke3 Kg4 39. Ne2 Bb5 {[%emt 0:00:33] Hoping for ...Bxe2.} 40. Nd4 Bd7 41. b3 b6 42. b4 Bc8 43. Ne2 Bd7 44. f3+ Kf5 45. Kd4 Bb5 (45... Ba4 $1 $11) 46. Nc3 $1 $14 g5 {[%emt 0:02:29] [#]} ({Black should play} 46... Kg5) 47. a4 ({Only move:} 47. a3 $1 $16) 47... Bf1 $1 $11 48. Nd1 {[%emt 0:02:56] Threatens to win with Ne3+.} Be2 49. Ne3+ Kg6 50. f4 gxf4 51. gxf4 Kf7 52. a5 bxa5 53. bxa5 Ke7 54. f5 exf5 55. Nxd5+ Ke8 $2 {[%emt 0:01:29][%mdl 8192] This costs Black the game.} (55... Kd7 $11) 56. e6 {[%emt 0:00:36] White mates.} Bf3 57. Nf4 Ke7 58. Ke5 Be4 59. Ng6+ Ke8 60. Nh4 Bc2 61. Nxf5 Kd8 62. Nd4 Ba4 63. Kd6 Be8 64. e7+ Kc8 65. Nf5 Kb7 66. Ng7 Bb5 67. e8=Q Bxe8 68. Nxe8 {[%emt 0:00:04] KN-KP} Kb8 69. Kc6 Ka7 70. Nf6 Ka8 71. Kb6 Kb8 72. Kxa6 Ka8 73. Kb6 Kb8 74. Nd5 Ka8 75. Nc7+ Kb8 76. a6 {[%emt 0:00:05] Weighted Error Value: White=0.11 (very precise) /Black=0.28 (precise)} 1-0

[Event "German Championship Women 2022"]
[Site "Magdeburg"]
[Date "2022.08.14"]
[Round "1.2"]
[White "Basovskiy, Jana"]
[Black "Voicu-Jagodzinsky, Carmen"]
[Result "0-1"]
[ECO "C00"]
[WhiteElo "1867"]
[BlackElo "2258"]
[Annotator "TA"]
[PlyCount "92"]
[EventDate "2022.08.14"]
[EventType "swiss"]
[EventCountry "GER"]
[SourceTitle "playchess.com"]
[Source "ChessBase"]
[SourceQuality "1"]
[TimeControl "40/5400+30:1800+30"]

1. e4 e6 2. d3 d5 3. Nd2 Nf6 4. Ngf3 Nc6 5. c3 Bd6 6. g3 O-O 7. Bg2 dxe4 8. dxe4 e5 9. O-O a5 {[%emt 0:00:43] A07: Réti Opening: New York and Capablanca Systems.} 10. a4 Qe7 11. Qc2 {[%emt 0:01:53] [#]} Rd8 $146 {[%emt 0:05:05] The position is equal.} ({Predecessor:} 11... Bc5 12. h3 Nh5 13. Kh2 Be6 14. Ne1 Rad8 15. Nd3 Bb6 16. b3 Qf6 17. Ba3 Rfe8 {½-½ (71) Pelikan,J-Danielsson,G Buenos Aires 1939}) 12. Nc4 Bc5 13. Be3 Be6 14. Bxc5 Qxc5 15. Ne3 Ng4 16. Nxg4 (16. Nd5 {is more complex.} Nb4 17. Nxb4 axb4 18. Ng5) 16... Bxg4 17. Qe2 Rd6 18. Rfd1 (18. Qb5 $5 Qb6 19. h3 $11) 18... Rad8 19. h3 Be6 20. Bf1 Bc4 21. Qe1 Bb3 22. Rxd6 Qxd6 23. Qe3 ({White should try} 23. Qe2 $11) 23... h6 24. Be2 b6 25. Kh2 Kh7 26. Kg1 (26. Ra3 $15 Be6 27. Ra1) 26... g6 27. Bb5 Na7 28. Be2 f6 29. Kh2 (29. c4 $1 $11 Bc2 30. Rc1 Bxa4 31. c5 bxc5 32. Qxc5 Qxc5 33. Rxc5) 29... Qd7 (29... Nc8 $17) 30. c4 $11 Bxa4 31. b3 Bc6 32. b4 $1 Nc8 33. bxa5 bxa5 34. Rxa5 Nd6 $36 {[%emt 0:00:36][%mdl 2048] Black is pushing.} 35. Nd2 Nf7 36. Nf3 Kg7 37. Ra3 Nd6 38. Rd3 Qe8 ({Of course not} 38... Bxe4 {[#]} 39. Rxd6 $1 Qxd6 40. Qxe4 $11) 39. Nd2 Ra8 40. Rb3 Ra4 41. Bd3 Qa8 42. Qe1 ({Better is} 42. Rb2 $15) 42... Qa7 {[%emt 0:00:00] Black is more active.} 43. f3 (43. Qe2 $17) 43... Qd4 $19 {[%emt 0:00:00] [#] aiming for ...Ra2.} 44. Kg2 $2 (44. Bb1) 44... Ra2 {[%emt 0:00:00] ...Ba4 is the strong threat. Black is clearly winning.} 45. Qe2 Ba4 ({And not} 45... Ra1 46. Bb1 $17) 46. Rb1 Qc3 {[%emt 0:00:00] Weighted Error Value: White=0.45/Black=0.11 (very precise)} 0-1

[Event "German Championship Women 2022"]
[Site "Magdeburg"]
[Date "2022.08.14"]
[Round "1.3"]
[White "Muetsch, Annmarie"]
[Black "Moenster, Madita"]
[Result "1-0"]
[ECO "A45"]
[WhiteElo "2249"]
[BlackElo "1864"]
[Annotator "NA RC"]
[PlyCount "63"]
[EventDate "2022.08.14"]
[EventType "swiss"]
[EventCountry "GER"]
[SourceTitle "playchess.com"]
[Source "ChessBase"]
[SourceQuality "1"]
[TimeControl "40/5400+30:1800+30"]

1. d4 Nf6 2. Bg5 Ne4 3. h4 d5 4. Nd2 Bf5 5. Nxe4 Bxe4 6. e3 c6 7. f3 Bf5 8. Bd3 (8. g4 $5 Bc8 9. c3 $14) 8... Bxd3 9. Qxd3 Qb6 (9... h6 $5 10. Bf4 Nd7 $11) 10. O-O-O Nd7 $14 11. e4 e6 12. Nh3 a5 13. c4 Qc7 14. Kb1 Nb6 15. cxd5 cxd5 16. Rc1 Qd7 17. Bf4 Bd6 18. Bxd6 Qxd6 19. Qb5+ Nd7 20. Qxb7 O-O 21. e5 Rab8 22. exd6 Rxb7 23. Rc7 Rfb8 24. Rxb7 Rxb7 25. Rc1 g6 26. Rc6 a4 27. Nf4 Nb6 28. Nd3 Nc4 29. Ne5 Nxb2 30. Kc2 Rb8 31. d7 Kg7 32. Rc8 1-0

[Event "German Championship Women 2022"]
[Site "Magdeburg"]
[Date "2022.08.14"]
[Round "1.4"]
[White "Mader, Lena"]
[Black "Kunze, Kerstin"]
[Result "0-1"]
[ECO "A13"]
[WhiteElo "1826"]
[BlackElo "2020"]
[Annotator "NA RC"]
[PlyCount "139"]
[EventDate "2022.08.14"]
[EventType "swiss"]
[EventCountry "GER"]
[SourceTitle "playchess.com"]
[Source "ChessBase"]
[SourceQuality "1"]
[TimeControl "40/5400+30:1800+30"]

1. c4 e6 2. Nf3 d5 3. g3 c6 4. b3 Nf6 5. Bg2 Bd6 6. Bb2 Nbd7 7. O-O Qe7 8. d4 Ne4 $14 9. Nbd2 O-O 10. Nxe4 dxe4 11. Nd2 f5 12. e3 Nf6 13. a3 Bd7 14. Qc2 h5 15. h4 Ng4 16. Bh3 Nh6 17. Kh1 Bc7 18. Rg1 e5 19. Bg2 Ng4 20. Raf1 exd4 21. Bxd4 Qxa3 22. c5 Be6 23. Nc4 Qb4 24. Bh3 b6 25. Bxg4 hxg4 26. Nd2 Qb5 27. Qc3 Rf7 28. Rc1 Qe2 29. Kg2 Bd5 30. Rge1 Qa6 31. Ra1 Qb7 32. Kg1 b5 33. Be5 a5 34. Reb1 Qb8 35. Bf4 Bxf4 36. exf4 b4 37. Qc2 Qb5 38. Nf1 e3 39. Nxe3 Be4 40. Qc1 Bxb1 41. Rxb1 a4 42. bxa4 Rxa4 43. Qd1 Ra8 44. Qd6 b3 45. Qe5 Qe2 46. Qe6 b2 47. Qe5 Rfa7 48. Qxb2 Qd3 49. Qb3+ Qxb3 50. Rxb3 Ra1+ 51. Kg2 Rc1 52. Rb2 Rxc5 53. Kf1 Kf7 54. Ke2 Rd8 55. f3 gxf3+ 56. Kxf3 Rc3 57. Kf2 g6 58. h5 Rdd3 59. h6 Kg8 60. Nf1 Kh7 61. Rb7+ Kxh6 62. Re7 Rc2+ 63. Ke1 Ra3 64. Rd7 Ra1+ 65. Rd1 Rcc1 66. Ne3 Rxd1+ 67. Nxd1 Kh5 68. Ke2 Rxd1 69. Kxd1 Kg4 70. Ke1 0-1

[Event "German Championship Women 2022"]
[Site "Magdeburg"]
[Date "2022.08.14"]
[Round "1.5"]
[White "Halas, Julia"]
[Black "Perez Celis, Alba"]
[Result "0-1"]
[ECO "D11"]
[WhiteElo "2012"]
[BlackElo "1816"]
[Annotator "NA RC"]
[PlyCount "68"]
[EventDate "2022.08.14"]
[EventType "swiss"]
[EventCountry "GER"]
[SourceTitle "playchess.com"]
[Source "ChessBase"]
[SourceQuality "1"]
[TimeControl "40/5400+30:1800+30"]

1. d4 d5 2. c4 c6 3. Nf3 Nf6 4. Qc2 e6 5. Bg5 h6 6. Bxf6 Qxf6 7. e3 Nd7 8. Nc3 g6 9. b3 Bg7 $11 10. Be2 dxc4 11. bxc4 e5 12. d5 Nc5 13. e4 O-O 14. O-O Qe7 15. dxc6 bxc6 16. g3 f5 17. Nh4 Kh7 18. exf5 gxf5 19. Rad1 e4 20. Na4 Ne6 21. Bh5 Qg5 22. Bg6+ Kg8 23. f4 exf3 24. Nxf5 Nf4 25. Nxg7 Kxg7 26. Be4 Ne2+ 27. Kf2 Qh5 28. Rh1 Qh3 29. Bxf3 Bg4 30. Qxe2 Bxf3 31. Qe5+ Kg8 32. Rd6 Bh5+ 33. Rf6 Rxf6+ 34. Qxf6 Rf8 0-1

[Event "German Championship Women 2022"]
[Site "Magdeburg"]
[Date "2022.08.14"]
[Round "1.6"]
[White "Peglau, Sarah"]
[Black "Birkholz, Olga"]
[Result "0-1"]
[ECO "A43"]
[WhiteElo "1782"]
[BlackElo "2002"]
[Annotator "NA RC"]
[PlyCount "86"]
[EventDate "2022.08.14"]
[EventType "swiss"]
[EventCountry "GER"]
[SourceTitle "playchess.com"]
[Source "ChessBase"]
[SourceQuality "1"]
[TimeControl "40/5400+30:1800+30"]

1. d4 c5 2. d5 d6 3. c4 g6 4. Nc3 Bg7 5. e4 a6 6. Be3 Nh6 7. h3 e5 8. Qd2 Ng8 9. Bd3 f5 10. f3 f4 11. Bf2 Nf6 12. Nge2 O-O 13. a3 Nh5 14. b4 b6 15. Rb1 Nd7 16. a4 cxb4 17. Rxb4 Nc5 18. Nc1 Bd7 19. Qa2 Ng3 20. Rg1 Qc7 21. Be2 Nxe2 22. Kxe2 Rfc8 23. Nd3 Nxd3 24. Kxd3 b5 25. Rc1 Qa5 26. Qb3 bxc4+ 27. Rxc4 Rxc4 28. Qxc4 Rc8 29. Qb3 Bxa4 30. Qb2 Qc7 31. Kd2 Bd7 32. Qa3 Bf8 33. Qxa6 Qd8 34. Bb6 Qg5 35. Qe2 Be7 36. Ra1 Rb8 37. Qf2 Bd8 38. Bxd8 Qxd8 39. Ra2 Qc7 40. Rc2 Rc8 41. Qe2 Ba4 42. Rc1 Qc4 43. Qf1 Qxc3+ 0-1

[Event "German Championship Women 2022"]
[Site "Magdeburg"]
[Date "2022.08.14"]
[Round "1.7"]
[White "Bluebaum, Johanna"]
[Black "Fock, Sana"]
[Result "1/2-1/2"]
[ECO "D45"]
[WhiteElo "2013"]
[BlackElo "1807"]
[Annotator "NA RC"]
[PlyCount "134"]
[EventDate "2022.08.14"]
[EventType "swiss"]
[EventCountry "GER"]
[SourceTitle "playchess.com"]
[Source "ChessBase"]
[SourceQuality "1"]
[TimeControl "40/5400+30:1800+30"]

1. d4 d5 2. c4 e6 3. Nc3 c6 4. e3 Nf6 5. Nf3 Nbd7 6. Qc2 Bd6 7. b3 Qe7 8. cxd5 exd5 9. Bd3 O-O 10. Nh4 g6 11. Nf3 Re8 12. Bb2 Nf8 13. Ne5 Ne4 14. Nxe4 dxe4 15. Be2 Bb4+ 16. Bc3 Be6 17. O-O Bxc3 18. Qxc3 Nd7 19. Nxd7 Qxd7 20. Rac1 Bd5 21. Bc4 a5 22. Qd2 Red8 23. Rc2 Qe7 24. Bxd5 Rxd5 25. Qe2 a4 26. bxa4 Rxa4 27. Rb1 Rb4 28. Rxb4 Qxb4 29. Rb2 Qe7 30. g3 Kg7 31. Qc2 Kg8 32. Qb1 Rd7 33. a4 Rc7 34. Qa2 Rd7 35. Qb3 Rc7 36. Qb6 Qd7 37. a5 c5 38. Rd2 cxd4 39. Rxd4 Qc6 40. Rd8+ Kg7 41. Qd4+ Kh6 42. Kg2 Qe6 43. Qd1 Rc5 44. Rd6 Qf5 45. g4 Qg5 46. h3 Rb5 47. Rd7 Qf6 48. Rd6 Qg5 49. Qa4 Qe5 50. Rd4 Kg7 51. Rxe4 Rxa5 52. Rxe5 Rxa4 53. Rb5 Ra7 54. f4 h6 55. Kf3 Ra1 56. Rxb7 Rh1 57. Kg2 Re1 58. Rb3 Re2+ 59. Kf3 Re1 60. e4 Rf1+ 61. Kg3 Rg1+ 62. Kf2 Rc1 63. e5 Rc2+ 64. Kg3 Re2 65. Rb7 g5 66. Kf3 Re1 67. fxg5 hxg5 1/2-1/2

[Event "German Championship Women 2022"]
[Site "Magdeburg"]
[Date "2022.08.14"]
[Round "1.8"]
[White "Storkebaum, Ulrike"]
[Black "Zhou, Lepu Coco"]
[Result "0-1"]
[ECO "B40"]
[WhiteElo "1768"]
[BlackElo "1986"]
[Annotator "NA RC"]
[PlyCount "44"]
[EventDate "2022.08.14"]
[EventType "swiss"]
[EventCountry "GER"]
[SourceTitle "playchess.com"]
[Source "ChessBase"]
[SourceQuality "1"]
[TimeControl "40/5400+30:1800+30"]

1. e4 c5 2. Nf3 e6 3. d4 cxd4 4. Nxd4 Nf6 5. Nc3 Nc6 6. Be2 Bb4 7. Nxc6 bxc6 8. e5 Nd5 9. Bd2 O-O 10. O-O Nxc3 11. bxc3 Bc5 12. Kh1 f6 13. exf6 Qxf6 14. Bd3 $11 Qh4 15. g3 Qh3 16. Qe2 d5 17. f4 e5 18. fxe5 Bg4 19. Qg2 Qh5 20. Rae1 Bh3 21. Rxf8+ Rxf8 22. Qe2 Bg4 0-1

[Event "German Championship Women 2022"]
[Site "Magdeburg"]
[Date "2022.08.14"]
[Round "1.9"]
[White "Heil, Marina"]
[Black "Bazzazi, Elnaz"]
[Result "0-1"]
[ECO "A26"]
[WhiteElo "1926"]
[BlackElo "1766"]
[Annotator "NA RC"]
[PlyCount "40"]
[EventDate "2022.08.14"]
[EventType "swiss"]
[EventCountry "GER"]
[SourceTitle "playchess.com"]
[Source "ChessBase"]
[SourceQuality "1"]
[TimeControl "40/5400+30:1800+30"]

1. c4 e5 2. Nc3 Nc6 3. g3 g6 4. Bg2 Bg7 5. d3 d6 6. e4 Nh6 7. Nge2 O-O 8. O-O f5 9. h3 f4 10. gxf4 exf4 11. Bxf4 Rxf4 12. Nxf4 Be5 13. Nfd5 Qh4 14. Ne2 Bxh3 15. f4 Bxg2 16. Kxg2 Ng4 17. Rh1 Qf2+ 18. Kh3 Qf3+ 19. Kh4 Ne3 20. Nxe3 Bf6# 0-1

[Event "German Championship Women 2022"]
[Site "Magdeburg"]
[Date "2022.08.14"]
[Round "1.10"]
[White "Voigt, Anastasia"]
[Black "Falke, Ornella"]
[Result "1/2-1/2"]
[ECO "C50"]
[WhiteElo "1694"]
[BlackElo "1912"]
[Annotator "NA RC"]
[PlyCount "131"]
[EventDate "2022.08.14"]
[EventType "swiss"]
[EventCountry "GER"]
[SourceTitle "playchess.com"]
[Source "ChessBase"]
[SourceQuality "1"]
[TimeControl "40/5400+30:1800+30"]

1. e4 e5 2. Nf3 Nc6 3. Bc4 Nf6 4. d3 Bc5 5. c3 a6 6. Bb3 Ba7 7. Nbd2 h6 8. Nf1 d6 9. Ng3 Qe7 10. O-O g5 11. Re1 $15 ({White should play} 11. Be3 $16) 11... g4 12. Nd2 h5 13. Nc4 h4 14. Nf1 g3 15. hxg3 hxg3 16. Nxg3 Ng4 17. Ne3 Rg8 18. Kf1 Qh4 19. Qc2 Na5 20. Nxg4 Bxg4 21. Be3 Bxe3 22. Rxe3 Nxb3 23. Qxb3 O-O-O 24. Ke1 Be6 25. Qd1 Qh2 26. Kd2 Qxg2 27. Qf3 Qxf3 28. Rxf3 Rh8 29. c4 Kd7 30. Rg1 Rdg8 31. Re3 Rh2 32. Re2 f5 33. f3 Rh3 34. exf5 Bxf5 35. Reg2 Be6 36. Ke3 Rf8 37. Rf2 Rg8 38. Ne2 Rf8 39. Rg3 Rh1 40. Rg1 Rh7 41. Rfg2 Rhf7 42. Rg7 c6 43. Rxf7+ Rxf7 44. f4 exf4+ 45. Nxf4 Bf5 46. Kd2 Kc7 47. Re1 b5 48. a3 Rh7 49. Kc3 Kb6 50. Re3 Rh2 51. Re2 Rh1 52. Rf2 Bd7 53. Re2 Rf1 54. Ne6 Rf6 55. Nd4 Rg6 56. b4 Rg3 57. Re7 Bh3 58. Nb3 c5 59. bxc5+ dxc5 60. Re5 b4+ 61. axb4 cxb4+ 62. Kxb4 Rxd3 63. c5+ Kc7 64. Re7+ Rd7 65. Rxd7+ Bxd7 66. Ka5 1/2-1/2

[Event "German Championship Women 2022"]
[Site "Magdeburg"]
[Date "2022.08.14"]
[Round "1.11"]
[White "Braun, Kristin"]
[Black "Wartenberg, Alissa"]
[Result "0-1"]
[ECO "B40"]
[WhiteElo "1897"]
[BlackElo "1632"]
[Annotator "NA RC"]
[PlyCount "132"]
[EventDate "2022.08.14"]
[EventType "swiss"]
[EventCountry "GER"]
[SourceTitle "playchess.com"]
[Source "ChessBase"]
[SourceQuality "1"]
[TimeControl "40/5400+30:1800+30"]

1. e4 c5 2. Nf3 e6 3. d4 cxd4 4. Nxd4 Nf6 5. Nc3 Nc6 6. Nxc6 bxc6 7. e5 Nd5 8. Ne4 Qc7 9. f4 Qb6 10. c4 Bb4+ $14 11. Bd2 Qe3+ 12. Qe2 Bxd2+ 13. Nxd2 Qxe2+ 14. Bxe2 Nxf4 15. g3 Nxe2 16. Kxe2 Ba6 17. b3 d5 18. exd6 c5 19. Rhd1 Bb7 20. b4 cxb4 21. Rab1 a5 22. a3 Rb8 23. axb4 axb4 24. Rxb4 Bf3+ 25. Nxf3 Rxb4 26. d7+ Ke7 27. Ne5 Rb6 28. c5 Ra6 29. c6 Ra7 30. Nc4 Rc7 31. Na5 Rb8 32. Nb7 Rcxb7 33. cxb7 Kd8 34. Rf1 f6 35. Rd1 Rxb7 36. Rd6 e5 37. Kf3 Rxd7 38. Ra6 Ke7 39. Ra8 Kf7 40. Ra6 g6 41. Rb6 f5 42. Ra6 Re7 43. Rb6 h6 44. Ra6 Re6 45. Ra7+ Kf6 46. Ra8 e4+ 47. Ke3 g5 48. Rf8+ Kg6 49. Rg8+ Kf7 50. Ra8 Rb6 51. Ra2 Rb3+ 52. Ke2 f4 53. gxf4 gxf4 54. Ra4 Re3+ 55. Kf2 Kg6 56. Ra5 Rb3 57. Re5 Rb2+ 58. Kg1 e3 59. h3 Kf6 60. Re4 Rf2 61. Re8 Kg5 62. Re6 h5 63. Re8 Kh4 64. Re5 Rb2 65. Kf1 Kg3 66. Ra5 f3 0-1

[Event "German Championship Women 2022"]
[Site "Magdeburg"]
[Date "2022.08.14"]
[Round "1.12"]
[White "Mekus, Manuela"]
[Black "Spiel, Marianne"]
[Result "1-0"]
[ECO "A00"]
[WhiteElo "1638"]
[BlackElo "1893"]
[Annotator "NA RC"]
[PlyCount "87"]
[EventDate "2022.08.14"]
[EventType "swiss"]
[EventCountry "GER"]
[SourceTitle "playchess.com"]
[Source "ChessBase"]
[SourceQuality "1"]
[TimeControl "40/5400+30:1800+30"]

1. c3 Nf6 2. d3 d5 3. g3 c5 4. Bg2 Nc6 5. Nd2 e5 6. Ngf3 Be7 7. O-O h6 8. e4 Be6 9. Re1 d4 10. c4 O-O 11. a3 Nd7 12. h3 Qe8 13. Nf1 f5 14. exf5 Bxf5 15. g4 Be6 16. Ng3 Qg6 17. Ne4 Rf7 18. Nh2 Raf8 19. Rf1 Nf6 20. Bd2 Kh8 21. f4 exf4 22. Rxf4 Nxe4 23. Bxe4 Bf5 24. Rxf5 Rxf5 25. Kh1 Qd6 26. gxf5 Qg3 27. Qg4 Qf2 28. Qg2 Qh4 29. Rg1 Bf6 30. Ng4 Ne5 31. Be1 Qg5 32. Nxf6 Qxf6 33. Bg3 Nf7 34. Bh4 Qe5 35. f6 g5 36. Bg3 Qxf6 37. Rf1 Qe7 38. Bxb7 Kg7 39. Bd5 Qd7 40. Bxf7 Rxf7 41. Rxf7+ Qxf7 42. Be5+ Kh7 43. Qe4+ Kg8 44. Qd5 1-0

[Event "German Championship Women 2022"]
[Site "Magdeburg"]
[Date "2022.08.14"]
[Round "1.13"]
[White "Peglau, Dora"]
[Black "Petersen, Sophie"]
[Result "1-0"]
[ECO "A13"]
[WhiteElo "1920"]
[BlackElo "1597"]
[Annotator "NA RC"]
[PlyCount "105"]
[EventDate "2022.08.14"]
[EventType "swiss"]
[EventCountry "GER"]
[SourceTitle "playchess.com"]
[Source "ChessBase"]
[SourceQuality "1"]
[TimeControl "40/5400+30:1800+30"]

1. c4 e6 2. g3 d5 3. Bg2 Nf6 4. Nf3 dxc4 5. Qa4+ Bd7 6. Qxc4 c5 7. d4 Nc6 8. dxc5 Qa5+ $11 9. Bd2 Qxc5 10. Na3 Rc8 11. Qxc5 Bxc5 12. Rc1 Be7 13. O-O O-O 14. Nc4 Rfd8 15. Bf4 Be8 16. Rfd1 Nd5 17. Bd2 f6 18. a3 Bg6 19. Nh4 f5 20. Nxg6 hxg6 21. e4 Nf6 22. exf5 gxf5 23. Bc3 Nd7 24. Nd6 Rb8 25. Nxb7 Rxb7 26. Bxc6 Rc7 27. Ba5 Nb6 28. Rxd8+ Bxd8 29. Rd1 Bf6 30. Bxb6 axb6 31. Bd7 Bxb2 32. Bxe6+ Kf8 33. a4 Rc1 34. Rxc1 Bxc1 35. Bxf5 Ke7 36. f4 Kf6 37. Bd7 Ke7 38. Bb5 Kf6 39. Kf2 Ke6 40. Bc4+ Kf5 41. h4 Ke4 42. Bb5 Be3+ 43. Ke2 Bc5 44. Bc6+ Kf5 45. Kf3 Be7 46. Bd7+ Kg6 47. Ke4 Bf6 48. Be8+ Kh6 49. h5 Kh7 50. Bf7 Bd8 51. Kd5 Be7 52. Kc6 Bd8 53. g4 1-0

[Event "German Championship Women 2022"]
[Site "Magdeburg"]
[Date "2022.08.15"]
[Round "2.1"]
[White "Perez Celis, Alba"]
[Black "Schulze, Lara"]
[Result "0-1"]
[ECO "B31"]
[WhiteElo "1816"]
[BlackElo "2292"]
[Annotator "TA"]
[PlyCount "40"]
[EventDate "2022.08.14"]
[EventType "swiss"]
[EventCountry "GER"]
[SourceTitle "playchess.com"]
[Source "ChessBase"]
[SourceQuality "1"]
[TimeControl "40/5400+30:1800+30"]

1. e4 c5 2. Nf3 Nc6 3. Bb5 g6 4. O-O Bg7 5. c3 e5 6. d4 cxd4 7. cxd4 exd4 8. Bf4 a6 9. Bc4 {[%emt 0:15:53][%mdl 1024] With the idea Qb3. White has compensation.} d6 {[%emt 0:04:10] B31: Sicilian: 2...Nc6 3 Bb5 g6.} 10. Ng5 {[%emt 0:24:02] Inhibits Be6.} Nh6 {[%emt 0:04:04] [#]} 11. b4 $146 (11. Bd5 $11) ({Predecessor:} 11. Nd2 O-O 12. Nb3 {½-½ (12) Miljanic,B (2401)-Markovic,Z (2382) Novi Sad 2000}) 11... O-O $15 {[%emt 0:10:32] Black is slightly better.} 12. Qb3 {[%emt 0:01:27] [#]} (12. h3 $15) 12... d3 $1 $19 13. Nd2 $2 Bxa1 {[%emt 0:03:05] Black is clearly winning.} 14. Rxa1 (14. h3 $142) 14... Qf6 15. Rd1 Qxf4 16. Ndf3 Ne5 {[%emt 0:02:59] And now ...Bg4 would win.} 17. Bd5 Bg4 18. Bxb7 Ra7 19. Bd5 Bxf3 20. Nxf3 Nhg4 {[%emt 0:00:13] White did not feel at home in the position after the opening.  Weighted Error Value: White=1.46/Black=0.29 (precise)} 0-1

[Event "German Championship Women 2022"]
[Site "Magdeburg"]
[Date "2022.08.15"]
[Round "2.2"]
[White "Voicu-Jagodzinsky, Carmen"]
[Black "Peglau, Dora"]
[Result "1-0"]
[ECO "B13"]
[WhiteElo "2258"]
[BlackElo "1920"]
[Annotator "TA"]
[PlyCount "105"]
[EventDate "2022.08.14"]
[EventType "swiss"]
[EventCountry "GER"]
[SourceTitle "playchess.com"]
[Source "ChessBase"]
[SourceQuality "1"]
[TimeControl "40/5400+30:1800+30"]

1. e4 c6 2. d4 d5 3. exd5 cxd5 4. Bd3 Nc6 5. c3 Nf6 6. Bf4 Bg4 7. Qb3 Qc8 8. Nd2 e6 9. Ngf3 Be7 10. O-O O-O 11. Qc2 Bh5 12. Ne5 Bg6 13. Bxg6 {[%emt 0:05:25] White is more active. B13: Caro-Kann: Exchange Variation and Panov-Botvinnik Attack.} (13. Nxg6 $14 hxg6 14. Nf3) 13... hxg6 $11 14. Qd3 Nxe5 {[%emt 0:10:58] [#]} 15. dxe5 $146 {[%emt 0:01:55] The position is equal.} ({Predecessor:} 15. Bxe5 Qd8 16. Rfe1 Bd6 17. Qg3 Bxe5 18. Qxe5 b5 19. Nb3 a5 20. a3 Nd7 21. Qe2 {1-0 (44) Lafkidis,A (1463)-Katsanis,V (1465) Patras 2021}) 15... Nd7 16. Qe2 b5 17. Rfd1 (17. Qxb5 Rb8 18. Qa5 Rxb2 $15) 17... Qb7 18. Nf3 a6 19. Bg5 Nc5 20. Rd4 Ne4 21. Bxe7 Qxe7 22. Ne1 f6 23. exf6 gxf6 24. a4 Qb7 25. Rb4 Rfb8 26. h3 Kf7 27. Nc2 Nd6 ({Black should play} 27... Qd7 $14) 28. axb5 $16 axb5 29. Rxa8 ({Don't play} 29. Re1 Qd7 $14) 29... Qxa8 30. Qe3 (30. Nd4 $16 e5 31. Qg4) 30... e5 31. Qc5 Ke6 32. Qe3 {[%emt 0:02:52] Inhibits d4.} (32. f4 $5 ) 32... Kf7 $1 33. Qd3 g5 (33... Nc4 $14) 34. Ne3 Ke6 35. b3 (35. h4 $16) 35... Rc8 $11 36. Kh2 Qc6 37. Rg4 Ne4 (37... e4 $15 38. Qd1 Nf5 39. Nxf5 Kxf5) 38. c4 $14 bxc4 {[%emt 0:00:33] Black is on the road to losing.} 39. bxc4 Nc3 {[%emt 0:00:51][%mdl 8192] [#]} 40. cxd5+ $18 ({Not} 40. Qxc3 d4 41. Qe1 (41. Rxd4 exd4 42. Qxd4 Qd6+ 43. Qxd6+ Kxd6 $11) 41... dxe3 $16) 40... Nxd5 41. Qf5+ Kd6 42. Qd3 $2 (42. Nxd5 $18 Kxd5 43. Rg3) 42... Rb8 $2 (42... Ke6 $1 $11 {and Black has nothing to worry.}) 43. Rc4 Qb5 44. Nf5+ Ke6 45. Qe4 {[%emt 0:00:12] [#] Nd4+ would kill now.} Kd7 (45... Qb7 $142 46. Rd4 Qb1 47. Qxd5+ Kxf5) 46. Rc2 {[%emt 0:00:44] Hoping for Rd2.} Qa5 {[%emt 0:01:18] Prevents Rd2.} 47. Qd3 {[%emt 0:03:42] Prevents Rb3. Black must now prevent Ne3.} Rb5 $2 (47... Qb5 48. Qe4 Qb7) 48. Ne3 {[%emt 0:03:49] White wants to mate with Qf5+.} Ke7 49. Qh7+ {[%emt 0:00:39] White mates.} Kd8 50. Qg8+ Kd7 51. Qc8+ Ke7 52. Nf5+ Kf7 53. Nd6+ {[%emt 0:00:05] Weighted Error Value: White=0.31/Black=0.66} 1-0